 Dungeon Crawl Stone Soup version 0.24.0-37-gcf1ca852f1 (webtiles) character file.

Game seed: 16924901651663947598, levelgen mode: deterministic

695678 FessEmpty the Ninja (level 27, -2/144 HPs)
             Began as a Spriggan Enchanter on Nov 17, 2019.
             Was the Champion of Dithmenos.
             Killed from afar by the Serpent of Hell (25 damage)
             ... with a flash freeze
             ... on level 7 of Cocytus on Nov 22, 2019.
             The game lasted 11:26:29 (83217 turns).

FessEmpty the Ninja (Spriggan Enchanter)           Turns: 83217, Time: 11:26:30

Health: -2/144     AC: 13    Str:  1    XL:     27
Magic:  0/49       EV: 43    Int: 26    God:    Dithmenos [******]
Gold:   9467       SH:  9    Dex: 24    Spells: 12/68 levels left

rFire    + + .     SeeInvis +   k - +9 quick blade (elec)
rCold    + + +     Gourm    .   a - +0 buckler of Abstinence {rElec}
rNeg     + + .     Faith    .   R - +2 robe {rC+ rF+}
rPois    +         Spirit   +   Z - +0 hat of Lies {Regen+ rCorr Str-2 Slay+4}
rElec    +         Reflect  .   o - +2 ratskin cloak {+Rats rPois rN+ Str-1 Int-1 Dex+1}
rCorr    +         Harm     .   (gloves unavailable)
MR       ++++.                  (boots unavailable)
Stlth    ++++++++++             K - amulet "Inoluo" {Spirit Int+2}
HPRegen  1.74/turn              w - +6 ring of protection {=R}
MPRegen  0.31/turn              b - ring "Nudeoh" {rPois rF+ rC++ rN+ Dex+2}

@: confusing touch, regenerating (expiring), wreathed by umbra, very quick
A: very small, unfitting armour, talons 1, see invisible, agile 1, dopey 1,
herbivore, speed 3, slow metabolism 2
}: 6/15 runes: barnacled, slimy, obsidian, bone, abyssal, gossamer
a: Shadow Step, Shadow Form, Renounce Religion, Evoke Ratskin


You were on level 7 of Cocytus.
You worshipped Dithmenos.
Dithmenos was exalted by your worship.
You were not hungry.

You visited 16 branches of the dungeon, and saw 76 of its levels.
You visited the Abyss 2 times.
You also visited: Sewer, Ice Cave and Desolation.

You collected 9603 gold pieces.
You spent 136 gold pieces at shops.

Inventory:

Hand Weapons
 k - a +9 quick blade of electrocution (weapon)
Missiles
 T - 10 curare-tipped darts (quivered)
 W - 11 throwing nets
Armour
 a - the +0 buckler of Abstinence (worn) {rElec}
   (You acquired it on level 5 of the Depths)

   It insulates you from electricity.
 o - the +2 ratskin cloak (worn) {+Rats rPois rN+ Str-1 Int-1 Dex+1}
   (You found it on level 5 of the Pits of Slime)

   It affects your strength (-1).
   It affects your intelligence (-1).
   It affects your dexterity (+1).
   It protects you from poison.
   It protects you from negative energy.
 R - a +2 robe of resistance (worn)
 Z - the +0 hat of Lies (worn) {Regen+ rCorr Str-2 Slay+4}
   (You acquired it on level 3 of the Crypt)

   It affects your strength (-2).
   It affects your accuracy and damage with ranged weapons and melee attacks
   (+4).
   It increases your rate of regeneration.
   It provides partial protection from all sources of acid and corrosion.
Jewellery
 b - the ring "Nudeoh" (right hand) {rPois rF+ rC++ rN+ Dex+2}
   (You found it on level 3 of the Crypt)

   [ring of positive energy]

   It affects your dexterity (+2).
   It protects you from fire.
   It greatly protects you from cold.
   It protects you from poison.
   It protects you from negative energy.
 w - a +6 ring of protection (left hand) {=R}
 K - the amulet "Inoluo" (around neck) {Spirit Int+2}
   (You found it on level 9 of the Dungeon)

   [amulet of guardian spirit]

   It causes incoming damage to be split between your health and magic.
   It affects your intelligence (+2).
 Y - the ring "Asusoacs" {Fire rElec MR- Int+8 Dex+2}
   (You found it in the Desolation of Salt)

   [ring of fire]

   It enhances your fire magic.
   It affects your intelligence (+8).
   It affects your dexterity (+2).
   It protects you from fire.
   It makes you vulnerable to cold.
   It insulates you from electricity.
   It affects your resistance to hostile enchantments.
Wands
 f - a wand of enslavement (28)
 x - a wand of disintegration (47)
 E - a wand of digging (17)
 F - a wand of iceblast (44)
 I - a wand of clouds (5)
 N - a wand of polymorph (43)
 U - a wand of flame (104)
 X - a wand of acid (57)
Scrolls
 i - 18 scrolls of remove curse
 j - 8 scrolls of blinking
 l - 4 scrolls of fog
 q - 11 scrolls of fear
 t - 11 scrolls of teleportation
 J - a scroll of silence
 M - 3 scrolls of magic mapping
 Q - a scroll of summoning
Potions
 e - a potion of brilliance
 g - 3 potions of invisibility
 m - 11 potions of curing
 p - 2 potions of cancellation
 r - 9 potions of flight
 s - 13 potions of heal wounds
 u - a potion of haste
 v - 5 potions of ambrosia
 B - 6 potions of magic
 C - 12 potions of might
 D - 10 potions of agility
 H - 2 potions of mutation
Miscellaneous
 h - a lightning rod (4/4)
 y - a fan of gales
 z - a phial of floods
 G - 4 boxes of beasts
 O - a lamp of fire
 P - 4 phantom mirrors
 S - 5 sacks of spiders
Comestibles
 d - 13 rations


   Skills:
 - Level 14.7 Fighting
 + Level 21.9 Short Blades
 - Level 26.5 Dodging
 O Level 27 Stealth
 - Level 7.4 Shields
 - Level 21.1 Spellcasting
 + Level 9.7 Conjurations
 - Level 12.4 Hexes
 - Level 12.0 Charms
 - Level 8.0 Necromancy
 - Level 6.0 Translocations
 - Level 5.0 Ice Magic
 - Level 5.0 Air Magic
 + Level 12.3 Earth Magic
 - Level 12.0 Evocations


You had 12 spell levels left.
You knew the following spells:

 Your Spells              Type           Power        Failure   Level  Hunger
a - Passwall              Tmut/Erth      ######..     1%          2    None
b - Blink                 Tloc           N/A          1%          2    None
c - Tukima's Dance        Hex            #######.     1%          3    None
d - Confuse               Hex            #######.     1%          3    None
e - Confusing Touch       Hex            ######       0%          1    None
f - Iron Shot             Conj/Erth      ######....   2%          6    None
g - Apportation           Tloc           ######       1%          1    None
h - Passage of Golubria   Tloc           N/A          1%          4    None
i - Silence               Hex/Air        ######....   1%          5    None
j - Ozocubu's Armour      Chrm/Ice       ######..     1%          3    None
k - Invisibility          Hex            #######.     1%          6    None
l - Darkness              Hex            #######...   1%          6    None
m - Deflect Missiles      Chrm/Air       ######....   7%          6    None
n - Regeneration          Chrm/Necr      ######....   1%          3    None
o - Borgnjor's Vile Clut  Necr/Erth      ######....   1%          5    None

Your spell library contained the following spells:

 Spells                   Type           Power        Failure   Level  Hunger
 Corona                   Hex            #######      0%          1    None
 Infusion                 Chrm           ####         0%          1    None
 Sandblast                Erth           ######       0%          1    None
 Slow                     Hex            #######.     0%          2    None
 Song of Slaying          Chrm           ######..     0%          2    None
 Animate Skeleton         Necr           N/A          1%          1    None
 Beastly Appendage        Tmut           ####..       1%          1    None
 Flame Tongue             Conj/Fire      #####        1%          1    None
 Freeze                   Ice            ####         1%          1    None
 Magic Dart               Conj           ####         1%          1    None
 Pain                     Necr           ####         1%          1    None
 Shock                    Conj/Air       ####         1%          1    None
 Summon Small Mammal      Summ           ####         1%          1    None
 Corpse Rot               Necr           N/A          1%          2    None
 Ensorcelled Hibernation  Hex/Ice        ######       1%          2    None
 Poisonous Vapours        Pois/Air       #####.       1%          2    None
 Shroud of Golubria       Chrm/Tloc      ######       1%          2    None
 Sublimation of Blood     Necr           ######....   1%          2    None
 Swiftness                Chrm/Air       ######..     1%          2    None
 Throw Flame              Conj/Fire      ######       1%          2    None
 Throw Frost              Conj/Ice       ######       1%          2    None
 Conjure Flame            Conj/Fire      ######..     1%          3    None
 Dazzling Spray           Conj/Hex       ######       1%          3    None
 Gell's Gravitas          Tloc           ######....   1%          3    None
 Inner Flame              Hex/Fire       ######..     1%          3    None
 Lesser Beckoning         Tloc           ######....   1%          3    None
 Mephitic Cloud           Conj/Pois/Air  ######..     1%          3    None
 Portal Projectile        Hex/Tloc       ######       1%          3    None
 Recall                   Summ/Tloc      N/A          1%          3    None
 Spectral Weapon          Hex/Chrm       ######..     1%          3    None
 Static Discharge         Conj/Air       ######..     1%          3    None
 Stone Arrow              Conj/Erth      ######       1%          3    None
 Summon Guardian Golem    Hex/Summ       ######..     1%          3    None
 Teleport Other           Tloc           ######..     1%          3    None
 Vampiric Draining        Necr           ######....   1%          3    None
 Animate Dead             Necr           N/A          1%          4    None
 Leda's Liquefaction      Hex/Erth       #######...   1%          4    None
 Petrify                  Tmut/Erth      ######..     1%          4    None
 Sticky Flame             Conj/Fire      ######..     1%          4    None
 Throw Icicle             Conj/Ice       ######..     1%          4    None
 Agony                    Necr           ######..     1%          5    None
 Bolt of Draining         Conj/Necr      ######....   1%          5    None
 Bolt of Magma            Conj/Fire/Erth ######....   1%          5    None
 Dispel Undead            Necr           ######..     1%          5    None
 Excruciating Wounds      Chrm/Necr      ######....   1%          5    None
 Lee's Rapid Deconstruct  Erth           #######...   1%          5    None
 Lightning Bolt           Conj/Air       ######....   1%          5    None
 Metabolic Englaciation   Hex/Ice        ######....   1%          5    None
 Call Imp                 Summ           ####....     2%          2    None
 Sticks to Snakes         Tmut           ####....     2%          2    None
 Summon Mana Viper        Hex/Summ       ######..     3%          5    None
 Yara's Violent Unravell  Hex/Tmut       ######....   3%          5    None
 Call Canine Familiar     Summ           ####....     4%          3    None
 Ignite Poison            Fire/Tmut/Pois ####....     4%          3    None
 Spider Form              Tmut/Pois      ####......   4%          3    None
 Ice Form                 Ice/Tmut       #####...     5%          4    None
 Summon Ice Beast         Ice/Summ       #####...     5%          4    None
 Summon Lightning Spire   Summ/Air       #####...     5%          4    None
 Fireball                 Conj/Fire      ######....   5%          5    None
 Irradiate                Conj/Tmut      ######....   5%          5    None
 Death Channel            Necr           ######....   9%          6    None
 Bolt of Cold             Conj/Ice       ######....   11%         6    None
 Conjure Ball Lightning   Conj/Air       ######....   11%         6    None
 Summon Forest            Summ/Tloc      #####.....   12%         5    None
 Freezing Cloud           Conj/Ice/Air   ######....   16%         6    None
 Simulacrum               Ice/Necr       ######....   16%         6    None
 Statue Form              Tmut/Erth      ######...    19%         6    None
 Ozocubu's Refrigeration  Ice            ######....   28%         6    None
 Bolt of Fire             Conj/Fire      ######....   30%         6    None
 Poison Arrow             Conj/Pois      ######....   30%         6    None
 Alistair's Intoxication  Tmut/Pois      ####....     38%         5    None
 Aura of Abjuration       Summ           ####......   38%         5    None
 Blade Hands              Tmut           ####......   38%         5    None
 Summon Demon             Summ           ####......   38%         5    None
 Ring of Flames           Chrm/Fire      ######....   71%         7    ####...
 Lehudib's Crystal Spear  Conj/Erth      ######....   71%         8    #####..
 Shadow Creatures         Summ           N/A          92%         6    None
 Malign Gateway           Summ/Tloc      #####.....   98%         7    ####...
 Chain Lightning          Conj/Air       ######....   99%         8    #####..
 Disjunction              Tloc           ######....   100%        8    #####..
 Ignition                 Fire           ####......   100%        8    #####..
 Necromutation            Tmut/Necr      #####.....   100%        8    #####..
 Dragon's Call            Summ           ####......   100%        9    #######
 Fire Storm               Conj/Fire      ######....   100%        9    #######
 Glaciate                 Conj/Ice       ######....   100%        9    #######
 Shatter                  Erth           #######...   100%        9    #######
 Tornado                  Air            ######....   100%        9    #######


Dungeon Overview and Level Annotations

Branches:
Dungeon (15/15)            Temple (1/1) D:6            Lair (6/6) D:11
 Shoals (4/4) Lair:4       Spider (4/4) Lair:4        Slime (5/5) Lair:6
    Orc (2/2) D:11            Elf (3/3) Orc:2        Vaults (5/5) D:14
  Crypt (3/3) Vaults:3       Tomb (0/3) Crypt:3      Depths (5/5) D:15
   Hell (visited)             Dis (0/7) Hell            Geh (7/7) Hell
    Coc (7/7) Hell            Tar (7/7) Hell            Zot (1/5) Depths:5
  Sewer (visited)           IceCv (visited)         Desolation (visited)

Altars:
Ashenzari
Cheibriados
Dithmenos
Elyvilon
Fedhas
Hepliaklqana
Kikubaaqudgha
Nemelex Xobeh
Okawaru
Qazlal
Ru
Sif Muna
Trog
Uskayaw
Vehumet
Wu Jian
Xom
Yredelemnul
Zin
The Shining One
Beogh
Jiyva

Shops:
D:11 (   D:13 [!   Orc:2 *[[[?   Elf:2 *   Vaults:2 !   Vaults:3 !

Portals:
Hell: Depths:1 Depths:2 Depths:3 Depths:4 Depths:5
Abyss: Depths:4 Depths:5*
Pandemonium: Depths:2 Depths:3
Ziggurat: Depths:4
Trove: Vaults:2 (give 12 potions of heal wounds)

Annotations:
D:2 1 exclusion
Crypt:1 Vailuoroe's ghost, veteran GrEE
Coc:7 Antaeus; Serpent of
Hell
Tar:7 Ereshkigal


Innate Abilities, Weirdness & Mutations

You are very small and have problems with some larger weapons.
You are too small for most types of armour.
You have supernaturally acute eyesight. (SInv)
You are a herbivore.
You cover ground extremely quickly.
You need to consume almost no food.
You have sharp toenails.
You are agile. (Dex +2)
You are dopey. (Int -2)


Message History

Press: ? - help, Shift-Dir - straight line, f/p - shard shrike
Aim: a shard shrike (moderately wounded, umbra)
Okay, then.
Casting: Iron Shot (safe; 2% risk of failure)
Confirm with . or Enter, or press ? or * to list all spells.
Your hands begin to glow red.
You block the shard shrike's attack.
The shard shrike spits a shard of ice at you.
You deflect the shard of ice!
The shard shrike spits a shard of ice at you.
The shard of ice misses you. The ice dragon breathes frost at you.
The blast of cold hits the water elemental!!!
The water elemental is destroyed!
The blast of cold misses you.
Casting: Confusing Touch (safe; 0% risk of failure)
Confirm with . or Enter, or press ? or * to list all spells.
Aiming: Passage of Golubria (safe; 1% risk of failure)
Press: ? - help, Dir - move target cursor, p - shard shrike The shard shrike completely misses you.
You block the shard shrike's attack. The shard shrike completely misses you.
There is a fountain of clear blue water here.
You enter the passage of Golubria.
An Ice Fiend comes into view.
The shadow dragon skeleton is engulfed in freezing vapours.
There is a passage of Golubria here.
The shard shrike spits a shard of ice at you.
The shard of ice misses you.
Throwing (i - inventory. (/) - cycle)
T - 10 curare-tipped darts (quivered)
Press: ? - help, Shift-Dir - straight line, f - shard shrike
Aim: a shard shrike (catching its breath, chance to confuse on hit: 10%, umbra)
Okay, then.
Evoke which item? (* to show all) (? for menu, Esc to quit)
Okay, then.
Throwing (i - inventory. (/) - cycle)
T - 10 curare-tipped darts (quivered)
Press: ? - help, Shift-Dir - straight line, f - shard shrike
Aim: a shard shrike (catching its breath, chance to confuse on hit: 10%, umbra)
Okay, then.
Evoke which item? (* to show all) (? for menu, Esc to quit)
Aiming: Scattershot
Press: ? - help, Shift-Dir - straight line, f - shard shrike
Aim: a shard shrike (catching its breath, chance to confuse on hit: 10%, umbra)
The burst of metal fragments hits the shard shrike!! x3
The burst of metal fragments hits the shard shrike!
The burst of metal fragments hits the shard shrike!!
The burst of metal fragments hits the shard shrike! x2
You kill the shard shrike!
Dithmenos accepts your kill.
The burst of metal fragments hits the ice dragon but does no damage.
The shard shrike is moderately wounded.
The Ice Fiend roars!
The shard shrike completely misses you.
Casting: Passage of Golubria (safe; 1% risk of failure)
Confirm with . or Enter, or press ? or * to list all spells.
Aiming: Passage of Golubria (safe; 1% risk of failure)
Press: ? - help, Dir - move target cursor The shard shrike claws you.
The shard shrike freezes you. You resist.
The shard shrike completely misses you. The ice dragon breathes frost at you.
The blast of cold hits the shard shrike.
The shard shrike resists.
You deflect the blast of cold!
You feel less protected from missiles. The Ice Fiend misses you.
You block the Ice Fiend's attack. The shard shrike claws you!
The shard shrike freezes you! You resist.
You hear a screech!
You enter the passage of Golubria.
The shard shrike misses you. The ice dragon bites you!
The ice dragon completely misses you. You block the ice dragon's attack.
There is a passage of Golubria here.
You enter the passage of Golubria.
A blizzard demon comes into view.
The blizzard demon gestures at you. The bolt of cold misses you.
A seven-headed hydra zombie comes into view.
You block the blizzard demon's attack. The blizzard demon hits you!
A water elemental comes into view.
The shard shrike spits a shard of ice at you.
The shard of ice hits you!! You partially resist.
Evoke which item? (* to show all) (? for menu, Esc to quit)
Aiming: Scattershot
Press: ? - help, Shift-Dir - straight line, f - shard shrike
Aim: a shard shrike (lightly wounded, catching its breath, chance to confuse on hit: 10%, umbra)
The burst of metal fragments hits the shard shrike! x3
The shard shrike is severely wounded.
Your hands stop glowing.
The shard shrike completely misses you.
The blizzard demon completely misses you. x2
You block the seven-headed hydra zombie's attack.
The seven-headed hydra zombie bites you.
The seven-headed hydra zombie completely misses you. x3
The seven-headed hydra zombie closely misses you.
The seven-headed hydra zombie misses you.
Antaeus, Guardian of Cocytus comes into view.
He is wielding a +3 trident of protection.
You block the water elemental's attack. The anaconda zombie grabs you.
You block the anaconda zombie's attack. The anaconda zombie constricts you.
Throwing (i - inventory. (/) - cycle)
T - 10 curare-tipped darts (quivered)
Press: ? - help, Shift-Dir - straight line, f - Antaeus, p - shard shrike
Aim: Antaeus, wielding a +3 trident of protection (hasn't noticed you, umbra)
Okay, then.
Evoke which item? (* to show all) (? for menu, Esc to quit)
Okay, then.
Evoke which item? (* to show all) (? for menu, Esc to quit)
Okay, then.
Evoke which item? (* to show all) (? for menu, Esc to quit)
Aiming: Scattershot
Press: ? - help, Shift-Dir - straight line, f/p - shard shrike
Aim: a shard shrike (heavily wounded, umbra)
The burst of metal fragments hits the shard shrike! x4
You kill the shard shrike!
Dithmenos accepts your kill.
The burst of metal fragments hits the blizzard demon.
The burst of metal fragments hits the blizzard demon but does no damage.
The burst of metal fragments hits the blizzard demon!
The blizzard demon is lightly wounded.
Antaeus squeals, "Thy heart shall be my luncheon!"
The now-empty wand crumbles to dust.
The anaconda zombie completely misses you.
The anaconda zombie constricts you.
The water elemental completely misses you.
The shadow dragon zombie barely misses you.
The shadow dragon zombie misses you.
The shadow dragon zombie completely misses you.
You escape the anaconda zombie's grasp.
A torrent of water rises up through the elemental wellspring!
The torrent of water misses you.
The wave splashes down.
You hear a deafening roar!
You hear a roar!
You hear a deafening roar! x3
Something shouts, "Go and return not, thou pandering hell-hated toady!"
You hear a deafening roar!
You hear a screech! x2
As you read the scroll of teleportation, it crumbles to dust.
You feel strangely unstable. Antaeus gestures at you.
The flash freeze misses you. You block the water elemental's attack.
You block the anaconda zombie's attack.
The anaconda zombie completely misses you.
The Ice Fiend calls on the powers of darkness!
Your body is wracked with pain!
You emit a cloud of dark smoke.
The Ice Fiend calls on the powers of darkness!
Your body is wracked with pain!
* * * LOW HITPOINT WARNING * * *
Casting: Passage of Golubria (safe; 1% risk of failure)
Confirm with . or Enter, or press ? or * to list all spells.
You don't have enough magic to cast that spell.
Casting: Passage of Golubria (safe; 1% risk of failure)
Confirm with . or Enter, or press ? or * to list all spells.
Your skin crawls.
The anaconda zombie completely misses you.
You block the anaconda zombie's attack.
The water elemental completely misses you.
The anaconda zombie completely misses you. x2
The water elemental barely misses you.
You shiver with fear.
The world around you seems to dim momentarily.
Your surroundings suddenly seem different.
An ice devil comes into view.
An ice dragon comes into view.
You strike the helpless ice devil from behind!
You stick the ice devil like a pincushion!!!!
Lightning courses through the ice devil!
You kill the ice devil!
Dithmenos accepts your kill.
Casting: Regeneration (safe; 1% risk of failure)
Confirm with . or Enter, or press ? or * to list all spells.
Your hands begin to glow red.
The ice dragon roars deafeningly!
You hear a deafening roar! x2
You hit the titan skeleton but do no damage.
You claw the titan skeleton, but do no damage.
The titan skeleton hits you!!!
* * * LOW HITPOINT WARNING * * *
You hear a snapping sound.
You feel much better. The ice dragon breathes frost at you.
The blast of cold hits you! You resist.
* * * LOW HITPOINT WARNING * * *
The six-headed hydra zombie barely misses you.
The six-headed hydra zombie closely misses you.
The six-headed hydra zombie barely misses you.
The six-headed hydra zombie misses you. x2
The six-headed hydra zombie bites you.
* * * LOW HITPOINT WARNING * * *
You hear a deafening roar!
The spiny frog zombie hits you but does no damage.
The ice dragon is engulfed in freezing vapours.
You block the ice dragon's attack.
The ice dragon completely misses you. x2
The ice dragon is engulfed in freezing vapours.
An ice devil and a skeleton come into view.
The ice dragon breathes frost at you. The blast of cold misses you.
The ice dragon breathes frost at you. The blast of cold hits you! You resist.
* * * LOW HITPOINT WARNING * * *
An ice devil and a skeleton come into view.
Your skin is crawling a little less now.
Your magical contamination has completely faded away.
The Serpent of Hell breathes frost at you.
The blast of cold misses you.
The Serpent of Hell breathes cold at you.
The freezing blast engulfs you. You resist.
* * * LOW HITPOINT WARNING * * *
The Serpent of Hell breathes ice at you.
The flash freeze hits you!! You partially resist.
You die...

#############
......☼@☼○..##
......☼☼§....##
.....☼☼..☼....##
.....Z.........##
.4...Z......D...##
#########4.##....##
############..###....##
............DDZ.##....##
...............D.##....##


You could see the Serpent of Hell, 2 ice dragons, 2 ice devils, a spiny frog
zombie, an ice dragon skeleton (wandering) and an iron dragon skeleton.

Vanquished Creatures
  Asmodeus (Geh:7)
  the Royal Jelly (Slime:5)
  Khufu (Crypt:1)
  Mennas (Crypt:2)
  An ancient lich (Crypt:3)
  2 juggernauts
  A greater mummy (Crypt:1)
  Sojobo (Crypt:1)
  2 shard shrikes (Coc:7)
  Geryon (Hell)
  A golden dragon (Depths:4)
  Nikola (Elf:2)
  5 bone dragons
  3 doom hounds
  5 liches
  A Tzitzimitl (Tar:7)
  9 Brimstone Fiends (Geh:7)
  An electric golem (Zot:1)
  2 tentacled monstrosities
  4 Ice Fiends (Coc:7)
  2 deep elf master archers (Elf:3)
  2 quicksilver dragons (Zot:1)
  Asterion (Elf:2)
  3 deep elf blademasters
  Polyphemus (Shoals:3)
  21 acid blobs
  4 tentacled starspawn
  A death cob (Zot:1)
  3 sphinxes
  2 ancient champions (Hell)
  3 tengu reavers
  2 draconian monks
  9 shadow dragons
  Agnes (Spider:2)
  Donald (Crypt:2)
  4 storm dragons
  Roxanne (Spider:1)
  15 azure jellies
  3 revenants
  3 ghost moths (Spider:4)
  9 fire giants
  10 frost giants
  4 balrugs
  Louise (Elf:3)
  12 vault wardens
  2 orc warlords
  2 curse skulls
  7 deep elf sorcerers
  A cacodemon (Depths:2)
  3 draconian knights
  A draconian scorcher (Zot:1)
  A juggernaut zombie (Depths:4)
  A caustic shrike zombie (Depths:4)
  2 imperial myrmidons (Desolation)
  4 deep elf elementalists (Elf:3)
  A draconian shifter (Depths:5)
  9 ironheart preservers
  2 draconian stormcallers (Zot:1)
  A ghoul (Crypt:1)
  5 emperor scorpions
  19 reapers
  7 vampire knights
  7 war gargoyles
  8 large abominations
  17 stone giants
  3 dire elephants (Lair:6)
  4 very ugly things (Depths:3)
  2 black draconians
  9 deep elf demonologists
  2 entropy weavers
  2 spriggan defenders
  9 deep elf annihilators
  A starcursed mass (Abyss:1)
  2 green draconians
  A red draconian (Depths:5)
  2 halazid warlocks (Desolation)
  2 yellow draconians (Zot:1)
  7 spark wasps
  A white draconian (Zot:1)
  3 merfolk javelineers (Shoals:4)
  10 deep elf death magi
  6 crystal guardians
  2 purple draconians
  The ghost of ponchio the Blocker, a journeyman GrFi of the Shining One (Lair:6)
  4 ettins
  2 blizzard demons
  8 merfolk impalers
  2 eidola
  11 death oozes
  8 fire dragons
  A great orb of eyes (shapeshifter) (Depths:4)
  3 deep elf high priests
  10 jiangshi
  15 yaktaur captains
  9 ragged hierophants (Desolation)
  3 naga warriors (Crypt:1)
  17 great orbs of eyes
  7 rakshasas
  3 hell beasts
  Harold (D:11)
  9 peacekeepers (Desolation)
  5 spriggan air magi
  6 servants of whispers (Desolation)
  9 vault guards
  9 hydras
  4 catoblepae
  11 centaur warriors
  An anaconda (Lair:6)
  11 ice dragons
  43 two-headed ogres
  2 merfolk avatars (Shoals:4)
  A two-headed ogre (shapeshifter) (Depths:2)
  3 death knights
  2 satyrs (Shoals:2)
  6 vampire magi
  18 death yaks
  2 merfolk aquamancers
  4 deep troll earth magi
  3 deep troll shamans
  An alligator snapping turtle (Shoals:3)
  5 tengu warriors
  11 ogre magi
  2 titan zombies (Crypt:3)
  10 sun demons
  30 dancing weapons
  17 hell hogs
  A queen ant (Lair:2)
  24 hell knights
  7 spriggan berserkers
  A storm dragon zombie (Coc:7)
  16 deep elf knights
  12 soul eaters
  14 shadow wraiths
  2 wretched stars (Abyss:3)
  2 iron golems (Hell)
  A sixfirhy (Abyss:1)
  Sonja (Lair:5)
  2 iron trolls (Depths:4)
  7 unseen horrors
  A deep troll (shapeshifter) (Depths:4)
  59 skeletal warriors
  A spatial maelstrom (Abyss:1)
  Nergalle (D:11)
  A storm dragon skeleton (Crypt:3)
  A death drake (Abyss:3)
  A golden dragon zombie (Crypt:3)
  10 sea snakes
  2 ghost moth zombies
  4 glowing orange brains
  3 shadow demons (Tar:7)
  16 deep trolls
  12 deep elf archers
  6 flayed ghosts
  4 golden dragon skeletons
  2 anaconda zombies
  4 wizards
  6 phantasmal warriors
  A shadow dragon zombie (Abyss:2)
  23 harpies
  7 orc knights
  11 ironbrand convokers
  A wolf spider zombie (D:15)
  2 anaconda skeletons
  51 deep elf magi
  17 necromancers
  A tengu zombie (Depths:4)
  3 human zombies
  5 shining eyes
  16 orb spiders
  54 ugly things
  18 fauns (Shoals:2)
  2 tengu skeletons
  2 fire giant zombies
  2 salamanders
  33 wolf spiders
  25 manticores
  A worldbinder (Abyss:3)
  An iron dragon zombie (Geh:7)
  15 cyclopes
  9 elephants
  3 shadow dragon skeletons
  3 stone giant zombies
  2 frost giant skeletons
  3 black mambas
  A guardian serpent (shapeshifter) (Depths:4)
  An orc sorcerer (Vaults:1)
  3 guardian serpents (Desolation)
  5 moths of wrath
  2 dire elephant zombies
  3 fire giant skeletons
  6 water nymphs
  8 merfolk sirens
  4 smoke demons
  2 iron dragon skeletons
  6 molten gargoyles
  3 ice statues
  8 stone giant skeletons
  11 vault sentinels
  Maurice (D:11)
  A black mamba (shapeshifter) (Depths:4)
  5 spectral swamp worms (Depths:4)
  10 spiny frogs
  6 eyes of devastation
  10 rust devils
  7 gargoyles
  2 titan simulacra
  A storm dragon simulacrum (Coc:7)
  A yaktaur zombie (Vaults:4)
  2 centaur zombies
  A dire elephant skeleton (Tar:7)
  An emperor scorpion zombie (Crypt:3)
  A swamp worm zombie (Crypt:2)
  4 rime drakes
  10 hellions
  A minotaur zombie (Tar:7)
  2 orange demons
  9 freezing wraiths
  An anaconda simulacrum (Coc:7)
  4 tormentors
  9 komodo dragons
  An elf zombie (Depths:4)
  10 ice devils
  A yaktaur skeleton (Vaults:3)
  An efreet (Abyss:1)
  55 yaktaurs
  11 demonic crawlers
  A sea snake skeleton (Crypt:2)
  6 catoblepas skeletons (Abyss:3)
  12 human skeletons
  A hellwing (Depths:2)
  21 merfolk
  2 hydra zombies
  7 red devils
  5 tengu conjurers
  3 ancient zymes
  2 silent spectres
  7 trolls
  2 meliai (shapeshifter)
  A queen bee (shapeshifter) (Vaults:3)
  12 hornets
  4 hydra skeletons
  34 jumping spiders
  Prince Ribbit (D:7)
  A merfolk (shapeshifter) (Depths:4)
  4 polar bears
  A wind drake (shapeshifter) (Vaults:3)
  A fire dragon zombie (Crypt:3)
  4 ice dragon zombies
  44 saltlings (Desolation)
  An alligator zombie (Crypt:3)
  An ettin zombie (Crypt:1)
  127 slime creatures
  A death drake skeleton (Crypt:2)
  A harpy skeleton (Crypt:1)
  A slime creature (shapeshifter) (Depths:3)
  A snapping turtle (shapeshifter) (Depths:2)
  2 raiju (shapeshifter)
  A shadow dragon simulacrum (Crypt:2)
  13 snapping turtles
  18 blink frogs
  A polar bear (shapeshifter) (Depths:5)
  10 wind drakes
  23 dream sheep
  69 flying skulls
  10 hippogriffs
  An alligator skeleton (Hell)
  An iron dragon simulacrum (Coc:7)
  43 redbacks
  A black mamba zombie (Coc:7)
  A spriggan (shapeshifter) (Vaults:1)
  5 spriggans
  5 shadows
  14 water elementals
  2 spriggan skeletons
  2 fire dragon skeletons
  22 tarantellas
  4 wyverns
  A spriggan simulacrum (Depths:2)
  2 ettin skeletons
  16 wraiths
  7 air elementals
  4 ice dragon skeletons
  An elf simulacrum (Depths:4)
  16 fire elementals
  26 yaks
  4 hungry ghosts
  A dire elephant simulacrum (Crypt:2)
  2 steam dragons
  A golden eye (shapeshifter) (Depths:5)
  11 golden eyes
  2 chaos spawn
  2 basilisks
  2 neqoxecs (Abyss:1)
  5 vampire mosquitoes
  A warg (shapeshifter) (Depths:4)
  An emperor scorpion simulacrum (Hell)
  4 wargs
  A spatial vortex (Abyss:1)
  8 hydra simulacra (Depths:2)
  2 soldier ants (Lair:2)
  A torturous demonspawn skeleton (Crypt:1)
  31 hell hounds
  2 acid dragons
  Duvessa (D:5)
  A hornet zombie (D:12)
  2 porcupines
  A deep troll skeleton (Vaults:3)
  An orb spider zombie (Crypt:1)
  A spiny frog zombie (Coc:2)
  14 water moccasins
  50 orc warriors
  A black bear (D:10)
  23 ice beasts
  A swamp dragon zombie (Tar:7)
  3 phantoms
  5 sky beasts
  A spiny frog skeleton (Hell)
  2 snapping turtle zombies
  An ettin simulacrum (Vaults:2)
  35 ogres
  13 small abominations
  22 centaurs
  6 eyes of draining
  A swamp dragon skeleton (Coc:7)
  7 necrophages
  6 wolves
  2 wolves (shapeshifter) (Depths:4)
  6 boggarts
  A dream sheep skeleton (Crypt:2)
  15 crocodiles
  A snapping turtle skeleton (Geh:5)
  A manticore skeleton (Crypt:3)
  Blork the orc (D:5)
  2 elf skeletons
  A komodo dragon zombie (Crypt:1)
  16 bullfrogs
  A gnoll sergeant (D:11)
  7 earth elementals
  2 wyvern zombies
  Dowan (D:5)
  2 spiny frog simulacra
  A wyvern skeleton (D:13)
  A polar bear zombie (Crypt:1)
  6 scorpions
  A snapping turtle simulacrum (Crypt:1)
  A troll zombie (Crypt:2)
  20 wights
  9 killer bees
  2 electric eels
  A howler monkey (D:5)
  10 crimson imps
  A bullfrog zombie (D:8)
  3 quasits
  7 hounds
  A human simulacrum (Vaults:1)
  2 jellies
  A bullfrog skeleton (D:13)
  19 orc priests
  4 centaur skeletons
  An iron imp (Depths:2)
  Jessica (D:5)
  16 orc wizards
  2 iguanas
  26 worker ants
  12 hell rats
  A hound zombie (D:8)
  4 hound skeletons
  A howler monkey zombie (D:5)
  4 mummies
  A worker ant zombie (Crypt:1)
  14 gnolls
  20 adders
  2 river rats (Sewer)
  4 shadow imps
  2 white imps
  2 ufetubi (Abyss:1)
  An ooze (D:3)
  A worm zombie (Crypt:1)
  An adder skeleton (D:4)
  A worm (D:5)
  2 dart slugs (D:1)
  2 leopard geckos
  122 orcs
  2 bats
  4 giant cockroaches
  A hobgoblin (shapeshifter) (Depths:4)
  5 hobgoblins
  7 jackals
  4 quokkas
  4 ball pythons
  10 frilled lizards
  A gnoll skeleton (Crypt:2)
  9 goblins
  6 kobolds
  An orc zombie (Geh:7)
  A quokka zombie (Crypt:2)
  9 rats
  3 crawling corpses
  A fungus (Lair:2)
  2 plants (Lair:6)
  A starspawn tentacle (Abyss:3)
2798 creatures vanquished.

Vanquished Creatures (collateral kills)
  2 ironheart preservers
  A vault warden (Vaults:3)
  2 very ugly things (Depths:3)
  A deep elf annihilator (Elf:3)
  An ogre mage (Orc:1)
  A two-headed ogre (D:11)
  A necromancer (Hell)
  An orc knight (Vaults:2)
  2 ugly things (Depths:3)
  A hellion (Hell)
  6 orc warriors
  A porcupine (Lair:5)
  8 ogres
  2 centaurs (Orc:2)
  3 orc wizards (Orc:1)
  A naga zombie (Hell)
  10 orcs
44 creatures vanquished.

Vanquished Creatures (others)
  2 eldritch tentacles (Geh:7)
  A merfolk impaler (Shoals:4)
  A merfolk aquamancer (Shoals:4)
  A komodo dragon (Lair:6)
  2 yaktaurs (Vaults:3)
  A saltling (Desolation)
  A redback (Spider:1)
  A water elemental (Depths:2)
  4 flying skulls
  16 dancing weapons
  A wraith (D:14)
  A fire elemental (Hell)
  A tengu (shapeshifter) (Depths:5)
  A necrophage (Geh:1)
  2 centaurs
  A small abomination (Abyss:3)
  A wight (Tar:1)
  An ooze (shapeshifter) (Depths:5)
  2 orcs (Orc:2)
  A bush (Lair:6)
  A crawling corpse (Vaults:1)
  19 fungi
  17 plants
  15 starspawn tentacles
  32 tentacles
126 creatures vanquished.

Grand Total: 2968 creatures vanquished

Notes
Turn   | Place    | Note
-------+----------+-------------------------------------------
     0 | D:1      | FessEmpty the Spriggan Enchanter began the quest for the
                  | Orb.
     0 | D:1      | Reached XP level 1. HP: 9/9 MP: 5/5
   211 | D:1      | Reached XP level 2. HP: 7/13 MP: 7/7
   215 | D:1      | Learned a level 2 spell: Ensorcelled Hibernation
   970 | D:2      | Reached XP level 3. HP: 16/16 MP: 8/8
  1081 | D:2      | Learned a level 3 spell: Tukima's Dance
  1399 | D:2      | Found an iron altar of Okawaru.
  1919 | D:3      | Reached skill level 5 in Hexes
  2052 | D:3      | Reached XP level 4. HP: 19/21 MP: 2/10
  2731 | D:4      | Reached XP level 5. HP: 23/24 MP: 12/12
  2763 | D:4      | Noticed an ogre
  2848 | D:4      | Killed an ogre
  3018 | D:4      | Learned a level 3 spell: Confuse
  3029 | D:4      | Reached XP level 6. HP: 27/28 MP: 10/14
  3138 | D:4      | Reached skill level 5 in Spellcasting
  3455 | D:5      | Entered Level 5 of the Dungeon
  3570 | D:5      | Found a glowing drain.
  3570 | D:5      | Noticed an ice beast
  4123 | Sewer    | Entered a sewer
  4745 | D:4      | Reached skill level 5 in Stealth
  4745 | D:4      | Reached XP level 7. HP: 32/32 MP: 2/17
  4993 | D:5      | Reached skill level 6 in Stealth
  5088 | D:5      | Reached skill level 7 in Stealth
  5315 | D:5      | Noticed Blork the orc
  5321 | D:5      | Noticed Duvessa
  5331 | D:5      | Noticed Dowan
  5574 | D:5      | Noticed Jessica
  5701 | D:5      | Killed Jessica
  5701 | D:5      | Reached XP level 8. HP: 36/36 MP: 12/20
  5707 | D:5      | Found a shimmering blue altar of Sif Muna.
  5748 | D:5      | Killed Blork the orc
  5748 | D:5      | Reached skill level 8 in Stealth
  5824 | D:5      | Killed Dowan
  5846 | D:5      | Killed Duvessa
  5846 | D:5      | Reached skill level 9 in Stealth
  6379 | D:6      | Reached skill level 10 in Stealth
  6397 | D:6      | Found a staircase to the Ecumenical Temple.
  6412 | Temple   | Entered the Ecumenical Temple
  6474 | Temple   | Became a worshipper of Dithmenos the Shadowed
  6585 | D:6      | Noticed a +0 hand axe
  6586 | D:6      | Found a hide-covered altar of Uskayaw.
  6586 | D:6      | Noticed a +0 hand axe
  6624 | D:6      | Reached skill level 1 in Fighting
  6855 | D:7      | Noticed Prince Ribbit
  6860 | D:7      | Killed Prince Ribbit
  6860 | D:7      | Reached XP level 9. HP: 42/42 MP: 19/23
  6867 | D:7      | Reached skill level 5 in Dodging
  7179 | D:7      | Reached skill level 11 in Stealth
  7324 | D:7      | Found a blossoming altar of Fedhas.
  7881 | D:8      | Reached * piety under Dithmenos
  7995 | D:8      | Reached skill level 12 in Stealth
  8007 | D:8      | Found a sacrificial altar of Ru.
  8166 | D:8      | Found a white marble altar of Elyvilon.
  8443 | D:8      | Reached XP level 10. HP: 51/51 MP: 15/24
  8625 | D:8      | Found a roughly hewn altar of Beogh.
  8632 | D:8      | Reached ** piety under Dithmenos
  9037 | D:8      | Found a glowing golden altar of the Shining One.
  9134 | D:9      | Got a transparent brass amulet
  9135 | D:9      | Identified the amulet "Inoluo" {Spirit Int+2} (You found it
                  | on level 9 of the Dungeon)
  9158 | D:9      | Reached skill level 13 in Stealth
  9479 | D:9      | Found a sparkling altar of Nemelex Xobeh.
  9482 | D:9      | Learned a level 1 spell: Confusing Touch
  9514 | D:9      | Found a basalt altar of Yredelemnul.
  9717 | D:10     | Entered Level 10 of the Dungeon
  9744 | D:10     | Learned a level 6 spell: Iron Shot
  9792 | D:10     | Reached skill level 1 in Evocations
  9962 | D:10     | Reached skill level 1 in Earth Magic
 10078 | D:10     | Reached skill level 1 in Conjurations
 10392 | D:11     | Reached skill level 10 in Dodging
 10433 | D:11     | Noticed Nergalle
 10439 | D:11     | Killed Nergalle
 10440 | D:11     | Noticed an unseen horror
 10444 | D:11     | Killed an unseen horror
 10474 | D:11     | Noticed a death yak
 10474 | D:11     | Noticed a death yak
 10496 | D:11     | Found a staircase to the Lair.
 10559 | D:11     | Reached XP level 11. HP: 38/54 MP: 14/25
 10582 | D:11     | Reached *** piety under Dithmenos
 10586 | D:11     | Noticed a death yak
 10587 | D:11     | Noticed a death yak
 10587 | D:11     | Noticed a death yak
 10614 | D:11     | Found a stormy altar of Qazlal.
 10635 | D:11     | Noticed a white ugly thing
 10676 | D:11     | Killed a white ugly thing
 10897 | D:11     | Noticed Harold
 10909 | D:11     | Noticed Maurice
 10920 | D:11     | Killed Harold
 10934 | D:11     | Killed Maurice
 10934 | D:11     | Reached skill level 5 in Earth Magic
 11088 | D:11     | Found a staircase to the Orcish Mines.
 11208 | D:11     | Noticed a two-headed ogre
 11215 | D:11     | Killed a two-headed ogre
 11267 | D:11     | Found Yfed's Weapon Shoppe.
 11451 | D:12     | Noticed a brown ugly thing
 11459 | D:12     | Noticed a two-headed ogre
 11490 | D:11     | Killed a two-headed ogre
 11914 | D:12     | Killed a brown ugly thing
 11914 | D:12     | Reached skill level 10 in Spellcasting
 12298 | D:12     | Reached **** piety under Dithmenos
 13067 | D:13     | Identified the Volume of Burning Necromancy
 13127 | D:13     | Reached XP level 12. HP: 58/58 MP: 25/27
 13141 | D:13     | Found Vudiavec's Armour Shoppe.
 13159 | D:13     | Bought a +0 hat for 40 gold pieces
 13198 | D:13     | Found Joesh's Distillery.
 13352 | D:13     | Noticed a two-headed ogre
 13360 | D:13     | Killed a two-headed ogre
 13360 | D:13     | Reached skill level 5 in Evocations
 13559 | D:14     | Reached ***** piety under Dithmenos
 14213 | D:14     | Learned a level 1 spell: Apportation
 14323 | D:14     | Noticed a catoblepas
 14325 | D:14     | Reached skill level 5 in Conjurations
 14330 | D:14     | Killed a catoblepas
 14336 | D:14     | Noticed an ironheart preserver
 14661 | D:14     | Found a gate to the Vaults.
 14686 | D:14     | Killed an ironheart preserver
 14968 | D:15     | Entered Level 15 of the Dungeon
 15153 | D:15     | Reached XP level 13. HP: 59/63 MP: 26/29
 15339 | D:15     | Found a staircase to the Depths.
 15339 | D:15     | Noticed an ettin
 15356 | D:15     | Killed an ettin
 15831 | D:11     | Gained mutation: You occasionally shout uncontrollably at
                  | your foes. [mutagenic glow]
 16189 | Lair:1   | Entered Level 1 of the Lair of Beasts
 17647 | Lair:2   | Reached ****** piety under Dithmenos
 18853 | Lair:4   | Found a hole to the Spider Nest.
 18873 | Lair:4   | Reached skill level 15 in Dodging
 19250 | Lair:4   | Reached XP level 14. HP: 57/67 MP: 27/32
 19802 | Lair:4   | Found a staircase to the Shoals.
 20307 | Lair:5   | Found a frozen archway.
 20343 | Lair:5   | Reached skill level 10 in Earth Magic
 20382 | IceCv    | Entered an ice cave
 20824 | IceCv    | Got a steaming turquoise ring
 20826 | IceCv    | Identified the ring of Lishion {rF+ rCorr Str+5} (You found
                  | it in an ice cave)
 21134 | Lair:5   | Gained mutation: You are dopey. (Int -2) [mutagenic glow]
 21365 | Lair:5   | Noticed Sonja
 21394 | Lair:5   | Killed Sonja
 21918 | Lair:6   | Entered Level 6 of the Lair of Beasts
 22904 | Lair:6   | Found a runed translucent door.
 22904 | Lair:6   | Noticed ponchio's ghost (journeyman GrFi)
 23061 | Lair:5   | You fall into a shaft and drop 1 floor!
 23184 | Lair:6   | Identified the Catalogue of the Volcanoes
 23234 | Lair:6   | Found a viscous altar of Jiyva.
 23234 | Lair:6   | Found a staircase to the Slime Pits.
 23791 | Lair:6   | Reached skill level 5 in Short Blades
 24729 | Orc:1    | Entered Level 1 of the Orcish Mines
 24809 | Orc:1    | Learned a level 2 spell: Passwall
 25064 | Orc:1    | Reached XP level 15. HP: 67/70 MP: 15/34
 25250 | Orc:1    | Learned a level 4 spell: Passage of Golubria
 25269 | Orc:2    | Entered Level 2 of the Orcish Mines
 25372 | Orc:2    | Reached skill level 14 in Stealth
 25394 | Orc:2    | Found a staircase to the Elven Halls.
 25472 | Orc:2    | Found Muatorgh's General Store.
 25559 | Orc:2    | Noticed an orc warlord
 25908 | Orc:2    | Killed an orc warlord
 26735 | Orc:2    | Reached skill level 1 in Translocations
 26948 | Orc:2    | Found Gebrety's Antique Armour Emporium.
 26948 | Orc:2    | Found Zaigh's Armour Boutique.
 26950 | Orc:2    | Found Veczeoshro's Armour Shop.
 26952 | Orc:2    | Found Hisec's Magic Scroll Shoppe.
 27139 | Spider:1 | Entered Level 1 of the Spider Nest
 27176 | Spider:1 | Noticed Roxanne
 27393 | Elf:1    | Entered Level 1 of the Elven Halls
 27409 | Elf:1    | Found a radiant altar of Vehumet.
 28130 | Elf:3    | Entered Level 3 of the Elven Halls
 28249 | Elf:2    | Reached skill level 15 in Stealth
 28297 | Elf:2    | Found a runed translucent gate.
 28297 | Elf:2    | Found a runed translucent gate.
 28297 | Elf:2    | Found a runed translucent gate.
 28728 | Elf:2    | Reached skill level 10 in Short Blades
 28844 | Elf:2    | Noticed Nikola
 28853 | Elf:2    | Killed Nikola
 28914 | Elf:2    | Reached skill level 16 in Stealth
 28950 | Elf:2    | Gained mutation: You are very dopey. (Int -4) [mutagenic
                  | glow]
 29794 | Lair:4   | Identified a scroll of acquirement
 29824 | Spider:1 | Reached XP level 16. HP: 62/75 MP: 24/35
 30032 | Spider:1 | Reached skill level 5 in Translocations
 30143 | Spider:2 | Noticed Agnes
 30147 | Spider:2 | Killed Agnes
 30436 | Spider:2 | Reached skill level 17 in Stealth
 31726 | Spider:3 | Reached skill level 18 in Stealth
 31862 | Spider:4 | Entered Level 4 of the Spider Nest
 32729 | Spider:4 | Gained mutation: You are weak. (Str -2) [mutagenic glow]
 32938 | Spider:4 | Reached skill level 19 in Stealth
 33570 | Spider:4 | Reached XP level 17. HP: 78/79 MP: 28/36
 33596 | Spider:4 | Got a gossamer rune of Zot
 33823 | Shoals:1 | Entered Level 1 of the Shoals
 34228 | Shoals:1 | Reached skill level 10 in Evocations
 34882 | Shoals:1 | Reached skill level 20 in Stealth
 35320 | Shoals:2 | Reached skill level 5 in Fighting
 35374 | Shoals:2 | Gained mutation: Your spells are a little easier to cast,
                  | but a little less powerful. [mutagenic glow]
 36929 | Shoals:3 | Learned a level 5 spell: Silence
 36974 | Shoals:3 | Noticed a titan
 37031 | Shoals:3 | Reached skill level 1 in Ice Magic
 37353 | Shoals:3 | Noticed Polyphemus
 38414 | Shoals:4 | Entered Level 4 of the Shoals
 38787 | Shoals:3 | Gained mutation: You have sharp toenails. [mutagenic glow]
 38879 | Shoals:3 | Killed Polyphemus
 39228 | Shoals:4 | Reached XP level 18. HP: 79/87 MP: 31/37
 39682 | Shoals:4 | Got a barnacled rune of Zot
 40072 | Shoals:4 | Got a smoking dagger
 40073 | Shoals:4 | Identified the +1 dagger "Rypnyr" {speed, *Slow +Rage MP+9
                  | Dex+3} (You found it on level 4 of the Shoals)
 40826 | Vaults:1 | Entered Level 1 of the Vaults
 41034 | Spider:1 | Killed Roxanne
 41297 | Vaults:1 | Reached skill level 10 in Hexes
 41961 | Vaults:1 | Reached skill level 1 in Air Magic
 42042 | D:14     | Learned a level 3 spell: Ozocubu's Armour
 42048 | D:14     | Learned a level 5 spell: Metabolic Englaciation
 42056 | D:14     | Learned a level 6 spell: Darkness
 42069 | Vaults:1 | Reached skill level 1 in Charms
 43204 | Vaults:1 | Found an iron altar of Okawaru.
 43402 | Vaults:1 | Reached skill level 5 in Charms
 43998 | Vaults:1 | Reached XP level 19. HP: 87/96 MP: 26/38
 44085 | Vaults:1 | Reached skill level 5 in Ice Magic
 44432 | Vaults:2 | Reached skill level 5 in Air Magic
 44532 | Vaults:2 | Found a portal to a secret trove of treasure.
 44562 | Vaults:2 | Learned a level 6 spell: Deflect Missiles
 44794 | Vaults:2 | Found Xivopremn's Distillery.
 44841 | Vaults:2 | Bought a potion of mutation for 96 gold pieces
 44841 | Vaults:2 | Lost mutation: You occasionally shout uncontrollably at
                  | your foes. [potion of mutation]
 44841 | Vaults:2 | Lost mutation: Your spells are a little easier to cast, but
                  | a little less powerful. [potion of mutation]
 44841 | Vaults:2 | Lost mutation: You are weak. (Str -2) [potion of mutation]
 44841 | Vaults:2 | Gained mutation: You are agile. (Dex +2) [potion of
                  | mutation]
 45129 | Vaults:2 | Reached skill level 15 in Spellcasting
 46014 | Vaults:3 | You fall into a shaft and drop 1 floor!
 46538 | Vaults:3 | Reached skill level 10 in Fighting
 46551 | Vaults:3 | Reached skill level 1 in Shields
 46816 | Vaults:3 | Found a ruined gateway.
 46825 | Desolati | Entered the Desolation of Salt
 46907 | Desolati | Got a crude amber ring
 46909 | Desolati | Identified the ring "Pykhik" {rN+ Dex+6} (You found it in
                  | the Desolation of Salt)
 46911 | Desolati | Got a heavily runed bronze ring
 46913 | Desolati | Identified the ring "Asusoacs" {Fire rElec MR- Int+8 Dex+2}
                  | (You found it in the Desolation of Salt)
 47783 | Desolati | Learned a level 2 spell: Blink
 47784 | Desolati | Got a pitted pewter ring
 47786 | Desolati | Identified the ring "Umyskerch" {rPois rF+ rC+ rCorr Int-3}
                  | (You found it in the Desolation of Salt)
 47812 | Desolati | Got a faintly glowing turquoise ring
 47814 | Desolati | Identified the ring "Ybus" {rPois MR+ Int+4 Stlth+} (You
                  | found it in the Desolation of Salt)
 47835 | Desolati | Identified the cursed +0 cloak of the Centipede {rElec}
                  | (You found it in the Desolation of Salt)
 47998 | Desolati | Reached XP level 20. HP: 71/103 MP: 29/40
 48376 | Desolati | Identified the amulet "Xutofaim" {Gourm rN+ Dex+4 Slay-4
                  | SInv} (You found it in the Desolation of Salt)
 48378 | Desolati | Got a faintly glowing robe
 48558 | Vaults:3 | Identified the +1 robe of Hepliaklqana's Regard {rC+
                  | Regen+} (You found it in the Desolation of Salt)
 49243 | Vaults:3 | Found a staircase to the Crypt.
 49839 | Vaults:3 | Found Yfaleett's Distillery.
 49956 | Vaults:4 | Reached skill level 5 in Shields
 51639 | Vaults:5 | Entered Level 5 of the Vaults
 51843 | Depths:1 | Entered Level 1 of the Depths
 51891 | Depths:1 | Found a glowing golden altar of the Shining One.
 52057 | Depths:1 | Reached XP level 21. HP: 107/107 MP: 40/42
 52187 | Depths:1 | Found a gateway to Hell.
 52691 | Depths:2 | Reached skill level 21 in Stealth
 52800 | Depths:2 | Found a one-way gate leading to the halls of Pandemonium.
 52804 | Depths:2 | Reached skill level 15 in Short Blades
 54170 | Depths:3 | Noticed a juggernaut
 54173 | Depths:3 | Identified the +11 hand axe "Yruzxa" {venom, *Corrode +Inv
                  | rN++ Dex-3}
 54464 | Elf:1    | Identified the Tome of Battle Magic
 55050 | Elf:2    | Identified the cursed -5 shield of a Gauntlet {MR- Str+8
                  | Dex-2 Slay+5}
 55050 | Elf:2    | Noticed Asterion
 55052 | Elf:2    | Killed Asterion
 55090 | Elf:2    | Reached skill level 22 in Stealth
 55335 | Elf:2    | Found Livoc's General Store.
 55863 | Elf:3    | Identified the ring of Caoriaz {*Tele *Drain +Blink Dex+4}
 56069 | Elf:3    | Identified the cursed +1 leather armour of the Guild-Master
                  | {Dex+4}
 56449 | Elf:3    | Identified the +1 chain mail "Sikynisk" {rElec rC+ Str+5}
 56449 | Elf:3    | Identified the cursed ring "Bunapelo" {rElec rPois rF+ rN+
                  | AC-3}
 56515 | Elf:3    | Reached XP level 22. HP: 78/112 MP: 22/44
 56854 | Elf:3    | Identified the amulet of Departure {Gourm +Inv rF- rC++
                  | MR+}
 56866 | Elf:3    | Reached skill level 23 in Stealth
 57292 | Elf:3    | Identified the ring "Xepnidghyrois" {MR+ Int+2 Dex-3 Slay+2
                  | Stlth+}
 57536 | Elf:3    | Noticed Louise
 57543 | Elf:3    | Killed Louise
 58062 | Elf:3    | Identified Zaets's Guide on Curses and the Snowflakes
 58483 | Crypt:1  | Entered Level 1 of the Crypt
 58903 | Crypt:1  | Noticed Sojobo
 58908 | Crypt:1  | Noticed Khufu
 58908 | Crypt:1  | Noticed a greater mummy
 58909 | Crypt:1  | Killed Sojobo
 58912 | Crypt:1  | Killed Khufu
 59912 | Crypt:1  | Found a runed translucent gate.
 59912 | Crypt:1  | Found a runed translucent gate.
 59913 | Crypt:1  | Found a runed translucent gate.
 59916 | Crypt:1  | Found an iron altar of Okawaru.
 59916 | Crypt:1  | Noticed Vailuoroe's ghost (veteran GrEE)
 60028 | Crypt:1  | Got a transparent lead ring
 60220 | Crypt:1  | Killed a greater mummy
 60220 | Crypt:1  | Reached skill level 24 in Stealth
 60688 | Crypt:1  | Identified the ring "Purhuel" {Str+2 Dex+2 SInv Stlth+}
                  | (You found it on level 1 of the Crypt)
 60690 | Crypt:1  | Got a slimy granite ring
 60806 | Crypt:2  | Learned a level 3 spell: Regeneration
 60807 | Crypt:2  | Identified the ring of the Heron {rElec rF+ AC+3 Dex+3
                  | Slay-5} (You found it on level 1 of the Crypt)
 61588 | Crypt:2  | Noticed Mennas
 61591 | Crypt:2  | Killed Mennas
 61795 | Crypt:2  | Found a basalt altar of Yredelemnul.
 61950 | Crypt:2  | Noticed Donald
 61953 | Crypt:2  | Killed Donald
 62484 | Crypt:3  | Entered Level 3 of the Crypt
 62554 | Crypt:2  | Reached XP level 23. HP: 107/116 MP: 31/47
 62724 | Crypt:3  | Found a staircase to the Tomb.
 62731 | Crypt:3  | Identified the Disquisition on the Mountains and Flight
 62897 | Crypt:3  | Reached skill level 10 in Charms
 62925 | Crypt:3  | Got an ancient marble ring
 62926 | Crypt:3  | Identified the ring of Yruyhet {-Tele rN+ MR+++ Str+4
                  | Int+3} (You found it on level 3 of the Crypt)
 62927 | Crypt:3  | Identified the ring "Nudeoh" {rPois rF+ rC++ rN+ Dex+2}
                  | (You found it on level 3 of the Crypt)
 63015 | Crypt:3  | Found a basalt altar of Yredelemnul.
 63015 | Crypt:3  | Noticed an ancient lich
 63017 | Crypt:3  | Killed an ancient lich
 63765 | Crypt:3  | Identified the Grimoire of Dark Rituals
 63786 | Crypt:3  | Got a crude hat
 63792 | Crypt:3  | Identified the +0 hat of Lies {Regen+ rCorr Str-2 Slay+4}
                  | (You acquired it on level 3 of the Crypt)
 64554 | Slime:1  | Entered Level 1 of the Pits of Slime
 64601 | Lair:6   | Killed ponchio's ghost
 65468 | Slime:3  | Reached skill level 25 in Stealth
 66060 | Slime:5  | Entered Level 5 of the Pits of Slime
 66285 | Slime:5  | Found the +3 salamander hide armour {+Rage rF++}
 66285 | Slime:5  | Noticed the Royal Jelly
 66286 | Slime:5  | Found the +3 giant club "Skullcrusher" {speed, Str+7}
 66286 | Slime:5  | Found the ring of Shadows {Umbra +Inv Stlth+}
 66416 | Slime:5  | Found a viscous altar of Jiyva.
 66459 | Slime:4  | Found a viscous altar of Jiyva.
 66846 | Slime:5  | Found the +2 ratskin cloak {+Rats rPois rN+ Str-1 Int-1
                  | Dex+1}
 66924 | Slime:5  | Killed the Royal Jelly
 66924 | Slime:5  | Reached XP level 24. HP: 122/122 MP: 31/47
 67633 | Slime:5  | Got a sparkling iron ring
 67635 | Slime:5  | Identified the ring "Rahyobom" {rC+ Str+3 Dex+3 SInv} (You
                  | found it on level 5 of the Pits of Slime)
 67642 | Slime:5  | Got a slimy rune of Zot
 67645 | Slime:5  | Identified the Guide on Supportive Evil Arts
 67727 | Slime:5  | Identified the ring "Wuilic" {+Blink rCorr Int+2 Dex+3}
                  | (You found it on level 5 of the Pits of Slime)
 67779 | Slime:5  | Got a jewelled short sword
 67780 | Slime:5  | Identified the +10 short sword of Uskayaw's Supremacy
                  | {speed, +Fly} (You found it on level 5 of the Pits of
                  | Slime)
 68358 | Lair:6   | Learned a level 6 spell: Invisibility
 68367 | Lair:6   | Learned a level 5 spell: Borgnjor's Vile Clutch
 68902 | Depths:2 | Noticed a juggernaut
 68904 | Depths:2 | Killed a juggernaut
 68904 | Depths:2 | Reached skill level 1 in Necromancy
 69734 | Depths:3 | You fall into a shaft and drop 2 floors!
 69734 | Depths:5 | Entered Level 5 of the Depths
 69812 | Depths:5 | Noticed a juggernaut
 69813 | Depths:5 | Found a one-way gate to the infinite horrors of the Abyss.
 70053 | Depths:4 | Lost mutation: You are very dopey. (Int -4) [a shining eye]
 70357 | Depths:4 | Paralysed by a floating eye for 4 turns
 70420 | Depths:4 | Found a gateway to a ziggurat.
 70458 | Depths:4 | Reached skill level 5 in Necromancy
 71139 | Depths:4 | Identified the Tome of Earth
 71746 | Depths:5 | Identified Sif Muna's Catalogue of Shape Shifting and Snow
 71912 | Depths:5 | Found a gate to the Realm of Zot.
 72360 | Depths:5 | Reached XP level 25. HP: 134/134 MP: 38/48
 73429 | Depths:3 | Killed a juggernaut
 73623 | Zot:1    | Entered Level 1 of the Realm of Zot
 73948 | Zot:1    | Reached skill level 26 in Stealth
 74279 | Depths:5 | Got a bloodstained buckler
 74290 | Depths:5 | Identified the +0 buckler of Abstinence {rElec} (You
                  | acquired it on level 5 of the Depths)
 74320 | Depths:5 | Voluntarily entered the Abyss.
 74353 | Abyss:1  | Found a corrupted altar of Lugonu.
 74951 | Abyss:1  | Lost strength.
 75003 | Depths:5 | Escaped the Abyss
 75743 | Depths:5 | Voluntarily entered the Abyss.
 76073 | Abyss:3  | Lost strength.
 76364 | Abyss:3  | Got an abyssal rune of Zot
 76507 | Depths:5 | Escaped the Abyss
 76594 | Hell     | Entered the Vestibule of Hell
 76594 | Hell     | Noticed Geryon
 76596 | Hell     | Killed Geryon
 76857 | Hell     | Found a gateway to the freezing wastes of Cocytus.
 77357 | Hell     | Reached XP level 26. HP: 120/138 MP: 21/49
 77359 | Hell     | Found a gateway to the decaying netherworld of Tartarus.
 77423 | Tar:1    | Entered Level 1 of Tartarus
 77900 | Tar:2    | Reached skill level 27 in Stealth
 77968 | Tar:5    | You fall into a shaft and drop 1 floor!
 78076 | Tar:7    | Entered Level 7 of Tartarus
 78191 | Tar:7    | Got a smoking rapier
 78192 | Tar:7    | Identified the +6 rapier "Widowmaker" {antimagic, *Drain
                  | rF+ Dex+3} (You found it on level 7 of Tartarus)
 78841 | Tar:7    | Noticed Ereshkigal
 78857 | Tar:7    | Got a bone rune of Zot
 78994 | Hell     | Found a gateway to the Iron City of Dis.
 79029 | Hell     | Found a gateway to the ashen valley of Gehenna.
 79037 | Geh:1    | Entered Level 1 of Gehenna
 79132 | Geh:1    | You fall into a shaft and drop 1 floor!
 79245 | Geh:7    | Entered Level 7 of Gehenna
 80648 | Geh:7    | Identified the +7 sceptre of Asmodeus
 80648 | Geh:7    | Noticed Asmodeus
 81310 | Geh:7    | Killed Asmodeus
 81310 | Geh:7    | Reached XP level 27. HP: 70/138 MP: 16/49
 81318 | Geh:7    | Identified Huydghi's Almanac of Flamy Companions
 81355 | Geh:7    | Found the +8 storm bow {elec, penet}
 81358 | Geh:7    | Got a scintillating tin amulet
 81369 | Geh:7    | Got a flickering jade ring
 81376 | Geh:7    | Got a slimy bronze ring
 81395 | Geh:7    | Got an obsidian rune of Zot
 81423 | Geh:7    | Identified the Compendium of Limitation
 81430 | Geh:7    | Identified the ring of Xaatapn {rF- rC+ Int+4 Dex+4 SInv}
                  | (You found it on level 7 of Gehenna)
 81432 | Geh:7    | Identified the ring of the Median {Wiz Str+4} (You found it
                  | on level 7 of Gehenna)
 81809 | Hell     | Upgraded the game from 0.24.0-35-gdb84b6a5db to
                  | 0.24.0-37-gcf1ca852f1
 81843 | Coc:1    | Entered Level 1 of Cocytus
 82161 | Coc:7    | Entered Level 7 of Cocytus
 82252 | Coc:7    | HP: 6/138 [skeletal warrior/+0 glaive (18)]
 82259 | Coc:7    | HP: 5/138 [freezing wraith (12)]
 82896 | Coc:7    | Noticed the Serpent of Hell
 83182 | Coc:7    | Noticed Antaeus
 83217 | Coc:7    | Killed from afar by the Serpent of Hell

Levels and vault maps discovered:
D:1:      ncdulo_lavacross, layout_loops_corners, serial_glass, glass_columns_b,
          glass_columns_a, feat_on_display, due_unseen_surprise
D:2:      layout_basic, kennysheep_okawaru_gauntlet
D:3:      minmay_wonky_spiral, layout_basic
D:4:      layout_loops_ring, corner_web_ring
D:5:      layout_rooms, tgw_sif, first_ration, cheibrodos_sewer_entry_drain,
          uniq_blork_the_orc, uniq_duvessa
D:6:      layout_loops_ring, dancing_weapons_uskayaw,
          minmay_temple_entry_stoned_glass, serial_bayou_pond_c
D:7:      layout_rooms, fedhas_ov_isle_minmay, kennysheep_generic_room_9,
          uniq_prince_ribbit1
D:8:      layout_basic, kennysheep_little_box, marbit_many_paths,
          tso_oasis_becter, special_room [special_room_orc], the_bakery
D:9:      layout_cave_pools, nicolae_overflow_hidden_temple
D:10:     layout_loops_ring, fountainhead
D:11:     layout_basic, dpeg_lair_monsters, david_orc_2, serial_shops,
          kennysheep_mini_moat, basic_altar, hex_tiny, uniq_maurice,
          uniq_nergalle, uniq_harold
D:12:     layout_cave_pools
D:13:     layout_big_octagon, serial_shops, kennysheep_mini, shop,
          abandoned_shop
D:14:     layout_roguey [special_room_orc], skrybe_vaults_entry_preservation,
          chequers_serial_rivers_micro_e
D:15:     hangedman_depths_entry_civil_slaughter, layout_long_grid
Temple:   eino_wide_crystal_templ
Lair:1:   layout_chaotic_city, beast_lair_carwin_7, serial_bayou_shore_b
Lair:2:   layout_gridlike, minmay_another_anthill
Lair:3:   layout_hall_layers, serial_bayou_shore_a, grunt_megastairs_2,
          lemuel_fruit_tree, serial_bayou_shore_b
Lair:4:   layout_cave_pods, shoals_dummy_entry, spider_nest_entry_web_field
Lair:5:   layout_regular_city, portal_ice_cave_entry_animals_and_master,
          nicolae_volcano_entry_s_turn, uniq_sonja
Lair:6:   due_jungle_book, layout_loops_ring, dpeg_slime_entry_enclosed_altar,
          ebering_ghost_inner_flame
Shoals:1: layout_shoals
Shoals:2: layout_shoals
Shoals:3: layout_shoals, st_sunken_temple, uniq_polyphemus
Shoals:4: shoals_end_simple, layout_shoals
Spider:1: layout_spider_delve, uniq_roxanne
Spider:2: layout_chambers, einodemon_crawler_minivault, uniq_agnes
Spider:3: layout_spider_delve, drop_trap
Spider:4: spider_rune_water
Slime:1:  layout_caves
Slime:2:  layout_caves, nicolae_slime_barrier
Slime:3:  layout_caves, nicolae_slime_phagocytosis
Slime:4:  layout_caves, basic_altar
Slime:5
Orc:1:    layout_caves, mines4_lemuel
Orc:2:    st_orc_rangers, layout_diamond_mine, serial_shops, shop
Elf:1:    eino_elf_arrival_altar, layout_geoelf_octagon, minmay_elf_annihilation
Elf:2:    layout_geoelf_octagon, serial_shops, shop, special_room
          [special_room_mythical_zoo], uniq_nikola, uniq_asterion
Elf:3:    grunt_elf_hall_branching, layout_geoelf_octagon, uniq_louise
Vaults:1: v_pattern_2, v_misc_1, ontoclasm_vaults_decontamination,
          vaults_mumra_hexcomb, dpeg_vaults_monster_row,
          nicolae_vaults_know_your_exits, nicolae_vaults_network_barrier,
          v_misc_4, nicolae_vaults_ring_of_whatevers, layout_vaults_ring,
          basic_altar
Vaults:2: hangedman_vaults_trim, hangedman_vaults_impose, vaults_room_hallway,
          vaults_room_fours, layout_vaults_omnigrid,
          nicolae_trove_entry_crossroad, serial_shops, shop
Vaults:3: v_rooms_2, hangedman_vaults_hat, ontoclasm_vaults_gateway,
          serial_ice_h, ontoclasm_vaults_ring_small, nicolae_vaults_asterisk,
          hangedman_vaults_snaps, nicolae_vaults_ring_of_whatevers,
          nicolae_vaults_what_the_h, minmay_crypt_entry_skeletal_spiral,
          nicolae_vaults_yaktaur_gun_rack, hangedman_vaults_stretched_pinwheel,
          vaults_standard_mumra_enter_the_diamond, nicolae_vaults_gold_heap,
          layout_vaults_omnicross, serial_shops, nicolae_shop_trees,
          portal_desolation_entry_nicolae_slug
Vaults:4: vaults_room_semicircle, v_misc_32, vaults_room_door_ring,
          hangedman_vaults_stitches, v_misc_16, grunt_vaults_trifunnel,
          v_misc_11, st_lines, dpeg_vaults_monster_box, v_misc_11, serial_ice_h,
          layout_vaults_omnibox
Vaults:5: uniq_saint_roka
Crypt:1:  layout_basic, gammafunk_ghost_fury_of_okawaru, uniq_sojobo, uniq_khufu
Crypt:2:  layout_basic, basic_altar, uniq_donald, uniq_mennas
Crypt:3:  cryptofortress_bobbens
Depths:1: layout_basic, hell_entry, tso_altar
Depths:2: cheibrodos_hall_of_evolution, layout_cave_pools,
          grunt_hell_entry_dis_mu, chequers_serial_rivers_small_3,
          rand_demon_pan_entry_4, hangedman_decor_riveting,
          kennysheep_random_hallway
Depths:3: minmay_strange_plus, layout_long_grid, serial_sigils,
          serial_sigils_hangedman_stare, serial_sigils_hangedman_quiver,
          serial_sigils_hangedman_shear, serial_sigils_hangedman_snap,
          serial_sigils_hangedman_shear, serial_sigils_hangedman_etch,
          grunt_hell_horde, pan_entry
Depths:4: minmay_split_circle, layout_cave_pools, enter_ziggurat_b,
          pf_hell_entry_tar_river, minmay_room_of_horrors,
          lightli_corner_chamber
Depths:5: grunt_zot_entry_tricorne, layout_cave_pools, hell_entry,
          serial_column_ruins, column_ruins_portal_squares,
          column_ruins_open_small, column_ruins_open_tiny,
          column_ruins_open_tiny, column_ruins_grid_4, column_ruins_columns_T,
          abyss_entry_crystal, chequers_decorated_corner
Hell
Geh:1:    layout_gehenna_pools_basic, hangedman_hellfire_club
Geh:2:    layout_gehenna_pools_triple
Geh:3:    layout_gehenna_pools_basic, nicolae_geh_sunburst, lemuel_elevator
Geh:4:    layout_gehenna_pools_basic
Geh:5:    layout_gehenna_lava_caves
Geh:6:    layout_gehenna_pools_box
Geh:7:    geh_mu
Coc:1:    layout_ice_bergs
Coc:2:    layout_ice_bergs
Coc:3:    layout_cocytus_water_paths
Coc:4:    layout_cocytus_water_paths
Coc:5:    layout_ice_bergs
Coc:6:    layout_cocytus_water_paths
Coc:7:    coc_old
Tar:1:    layout_catacombs
Tar:2:    layout_cathedral_of_symmetry
Tar:3:    layout_catacombs
Tar:4:    layout_catacombs, nicolae_tar_cuneiform_oil
Tar:5:    layout_grid_maze
Tar:6:    layout_honeycomb, nicolae_tar_cuneiform_bread
Tar:7:    tar_grunt_cathedral
Zot:1:    layout_misc_corridors

Skill      XL: |  1  2  3  4  5  6  7  8  9 10 11 12 13 14 15 16 17 18 19 20 21 22 23 24 25 26 27 |
---------------+----------------------------------------------------------------------------------+-----
Hexes          | 4 5 6 7 9 10 11 12 | 12.4
Spellcasting   | 3 4 6 7 9 10 11 13 14 15 16 17 19 20 21 | 21.1
Stealth        | 5 7 10 12 13 16 19 20 22 24 25 26 27 | 27.0
Fighting       | 2 4 6 9 10 11 14 | 14.7
Dodging        | 4 8 10 12 13 15 16 18 20 21 22 23 26 | 26.5
Short Blades   | 2 7 10 12 14 16 17 18 19 21 | 21.9
Evocations     | 4 7 8 9 11 12 | 12.0
Earth Magic    | 4 7 8 9 10 11 12 | 12.3
Conjurations   | 2 4 5 6 7 8 9 |  9.7
Translocations | 4 6 |  6.0
Ice Magic      | 3 4 5 |  5.0
Air Magic      | 4 5 |  5.0
Charms         | 5 6 10 11 12 | 12.0
Shields        | 2 7 |  7.4
Necromancy     | 6 8 |  8.0

Action                   |  1- 3 |  4- 6 |  7- 9 | 10-12 | 13-15 | 16-18 | 19-21 | 22-24 | 25-27 || total
-------------------------+-------+-------+-------+-------+-------+-------+-------+-------+-------++-------
Melee: Dagger            |    56 |   124 |   242 |   902 |  1920 |       |       |       |       ||  3244
       Rapier            |       |       |    16 |       |       |       |       |       |       ||    16
       Quick blade       |       |       |       |       |     9 |  1707 |  2310 |  2229 |  1876 ||  8131
       Kick              |       |       |       |       |       |   217 |   843 |   769 |   549 ||  2378
       Short sword       |       |       |       |       |       |       |       |    21 |       ||    21
Throw: Dart              |       |     3 |     1 |     5 |    20 |    28 |    23 |     3 |     1 ||    84
 Cast: Ensorcelled Hiber |    27 |    74 |    83 |    69 |    89 |     9 |       |       |       ||   351
       Corona            |     2 |       |       |       |       |       |       |       |       ||     2
       Tukima's Dance    |       |     7 |     3 |     9 |    35 |     8 |    16 |     3 |       ||    81
       Confuse           |       |     8 |    22 |    29 |    13 |    20 |    10 |     1 |     4 ||   107
       Confusing Touch   |       |       |       |    86 |   162 |   114 |   282 |   296 |   247 ||  1187
       Iron Shot         |       |       |       |       |    27 |    21 |    11 |    19 |    49 ||   127
       Apportation       |       |       |       |       |     2 |       |       |     5 |     2 ||     9
       Passwall          |       |       |       |       |       |     1 |     1 |     3 |    16 ||    21
       Ozocubu's Armour  |       |       |       |       |       |     8 |    44 |    51 |    17 ||   120
       Deflect Missiles  |       |       |       |       |       |       |     5 |     2 |     1 ||     8
       Passage of Golubr |       |       |       |       |       |       |     1 |     8 |    25 ||    34
       Darkness          |       |       |       |       |       |       |       |    11 |     8 ||    19
       Regeneration      |       |       |       |       |       |       |       |    27 |    46 ||    73
       Borgnjor's Vile C |       |       |       |       |       |       |       |    10 |    40 ||    50
       Blink             |       |       |       |       |       |       |       |     2 |     5 ||     7
       Silence           |       |       |       |       |       |       |       |       |     1 ||     1
       Invisibility      |       |       |       |       |       |       |       |       |     1 ||     1
Invok: Shadow Step       |       |       |       |     2 |       |     3 |     9 |    15 |     9 ||    38
 Abil: Evoke Invisibilit |       |       |       |     8 |    38 |    47 |     2 |       |       ||    95
Evoke: Lamp of fire      |       |       |       |     2 |     2 |     1 |     2 |     3 |     4 ||    14
       Wand              |       |       |       |     1 |    15 |     4 |     3 |     1 |     9 ||    33
       Lightning rod     |       |       |       |       |       |       |     4 |     3 |    11 ||    18
       Phial of floods   |       |       |       |       |       |       |     1 |       |     2 ||     3
  Use: Scroll            |       |     4 |     3 |     5 |    23 |    12 |    12 |    17 |     7 ||    83
       Potion            |       |       |       |       |     1 |     4 |     1 |     1 |     7 ||    14
 Stab: Sleeping          |    35 |    46 |    57 |    86 |   128 |    77 |   139 |   206 |   103 ||   877
       Confused          |       |     3 |    14 |    78 |   142 |   130 |   297 |   291 |   265 ||  1220
       Distracted        |       |       |     1 |     4 |     6 |     6 |    22 |    23 |    22 ||    84
       Invisible         |       |       |       |    30 |   151 |   247 |     7 |       |     5 ||   440
       Held in net/web   |       |       |       |       |       |     1 |       |       |       ||     1
  Eat: Ration            |       |     1 |     2 |     7 |    20 |    21 |    10 |    12 |    10 ||    83
Armor: Robe              |     3 |    11 |    15 |       |       |       |       |    90 |   110 ||   229
       Steam dragon scal |       |       |     7 |   154 |   232 |    89 |    95 |    25 |       ||   602
Dodge: Dodged            |    36 |   136 |   210 |   916 |  2272 |  1192 |   886 |   944 |  1313 ||  7905
       Deflected         |       |       |       |       |       |       |    28 |    37 |    25 ||    90
Block: Buckler           |       |       |       |       |       |       |   356 |   575 |   502 ||  1433
